 Dungeon Crawl Stone Soup version 0.24-a0-282-g1a68c91 (webtiles) character file.

Game seed: 2101819429117191211

1395 emperorscorpion the Ruffian (level 8, 0/66 HPs)
             Began as a Purple Draconian Fighter on May 3, 2019.
             Was a Believer of Wu Jian.
             Slain by a black bear (5 damage)
             ... on level 7 of the Dungeon.
             The game lasted 00:10:20 (6111 turns).

emperorscorpion the Ruffian (DrFi)                  Turns: 6111, Time: 00:10:21

Health: 0/66       AC:  7    Str: 21    XL:     8   Next: 41%
Magic:  8/8        EV: 10    Int:  8    God:    Wu Jian [**....]
Gold:   291        SH: 17    Dex: 11    Spells: 7/7 levels left

rFire    + . .     SeeInvis .     - Unarmed
rCold    + . .     Gourm    .   e - +2 large shield
rNeg     . . .     Faith    .   (armour unavailable)
rPois    .         Spirit   .   (helmet restricted)
rElec    .         Reflect  .   q - scarf {rC+ rF+}
rCorr    .         Harm     .   (no gloves)
MR       +....                  n - +0 pair of boots
Stlth    ++........             m - amulet of magic regeneration
HPRegen  0.21/turn              (no ring)
MPRegen  0.36/turn              (no ring)

@: short of breath, starving
A: breathe power, unfitting armour, cold-blooded, AC +6
a: Breathe Dispelling Energy, Wall Jump, Renounce Religion


You were on level 7 of the Dungeon.
You worshipped Wu Jian.
Wu Jian was pleased with you.
You were starving.

You visited 1 branch of the dungeon, and saw 7 of its levels.

You collected 291 gold pieces.

Inventory:

Missiles
 d - 62 poisoned needles
 k - 2 javelins (quivered)
 o - 7 tomahawks
 y - a throwing net
Armour
 a - a +0 shield
 b - a +2 buckler
 e - a +2 large shield (worn)
 n - a +0 pair of boots (worn)
 q - a scarf of resistance (worn)
Jewellery
 m - an amulet of magic regeneration (around neck)
 v - an uncursed ring of see invisible {unknown}
Wands
 r - a wand of acid (13)
Scrolls
 g - 4 scrolls of identify
 h - 3 scrolls of immolation
 i - 5 scrolls of teleportation
 l - a scroll of blinking
 s - a scroll of remove curse
 t - 2 scrolls of fog
 w - a scroll of magic mapping {unknown}
Potions
 f - a potion of magic
 j - 2 potions of degeneration
 p - 3 potions of cancellation
 u - a potion of flight
 x - a potion of lignification {unknown}
 z - a potion of curing
Comestibles
 c - 12 rations


   Skills:
 + Level 4.3 Fighting
 + Level 4.9 Dodging
 + Level 2.3 Stealth
 + Level 6.0 Shields
 + Level 7.0 Unarmed Combat


You had 7 spell levels left.
You didn't know any spells.
Your spell library was empty.

Dungeon Overview and Level Annotations

Branches:
Dungeon (7/15)             Temple (0/1) D:4

Altars:
Cheibriados
Dithmenos
Gozag
Sif Muna
Trog
Uskayaw
Wu Jian
Xom

Shops:
D:6 (

Annotations:
D:6 exclusion: 2 doors


Innate Abilities, Weirdness & Mutations

You can breathe bolts of dispelling energy.
Your rich purple scales are hard. (AC +6)
You cannot fit into any form of body armour.
You are cold-blooded and may be slowed by cold attacks.


Message History

The black bear is almost dead.
You block the black bear's attack. x3; The jackal completely misses you.
The black bear bites you!
* * * LOW HITPOINT WARNING * * *
The black bear claws you.
* * * LOW HITPOINT WARNING * * *
You block the black bear's attack. You block the jackal's attack.
You closely miss the black bear.
The black bear is almost dead.
You hear the brisk hiss of a distant avalanche of sand.
You block the black bear's attack. The black bear claws you.
* * * LOW HITPOINT WARNING * * *
You block the black bear's attack.
The jackal bites you but does no damage.
Unknown command.
You barely miss the black bear.
Your tail-slap misses the black bear.
The black bear is almost dead.
The black bear bites you but does no damage.
You block the black bear's attack. The black bear claws you.
You die...

####..###########.#
#.................#
#.##.#######.#.#..# #.
#.# #)# #. #.# #.# .# #
#. #.#######.# .#
##.#.##.........##.#
..#...h.....#####.##.#
......h@.)#...†......###
......h....#...[#......#
.###.#.##.##...###...#..
#.#. .#.#...###....#. #
#. # #....#........ ##
#......_.#....
#....#...##...
.#..###.####.# .....#
#......#


You could see a black bear (berserk) and 2 jackals.

Vanquished Creatures
  Sigmund (D:3)
  A yak (D:6)
  A water moccasin (D:7)
  A sky beast (D:7)
  An ogre (D:4)
  A bullfrog (D:6)
  A scorpion (D:4)
  2 crimson imps
  A centaur zombie (D:5)
  3 hounds
  2 iguanas (D:5)
  4 orc wizards
  5 worker ants
  3 hound skeletons
  A worker ant zombie (D:5)
  5 adders
  A shadow imp (D:6)
  An ooze (D:2)
  An adder zombie (D:5)
  2 worms
  A dart slug (D:1)
  3 leopard geckos
  9 orcs
  6 giant cockroaches
  6 goblins
  8 hobgoblins
  15 jackals
  6 kobolds
  2 quokkas (D:3)
  2 ball pythons
  10 bats
  3 frilled lizards
  A jackal skeleton (D:4)
  4 rats
114 creatures vanquished.

Vanquished Creatures (others)
  8 toadstools (D:7)
8 creatures vanquished.

Grand Total: 122 creatures vanquished

Notes
Turn   | Place    | Note
-------+----------+-------------------------------------------
     0 | D:1      | emperorscorpion the Draconian Fighter began the quest for
                  | the Orb.
     0 | D:1      | Reached XP level 1. HP: 19/19 MP: 1/1
    30 | D:1      | Found an ornate altar of the Wu Jian Council.
   203 | D:1      | Reached XP level 2. HP: 26/26 MP: 2/2
   214 | D:1      | Became a worshipper of the Wu Jian Council
   763 | D:1      | Reached XP level 3. HP: 32/33 MP: 3/3
  1145 | D:2      | Found a deep blue altar of Sif Muna.
  1145 | D:2      | Found a shadowy altar of Dithmenos.
  1238 | D:2      | Found a faded altar of an unknown god.
  1838 | D:3      | Reached XP level 4. HP: 40/40 MP: 4/4
  1852 | D:3      | Reached * piety under Wu Jian
  2216 | D:3      | Noticed Sigmund
  2237 | D:3      | Killed Sigmund
  2237 | D:3      | Reached skill level 4 in Unarmed Combat
  2237 | D:3      | Reached XP level 5. HP: 29/46 MP: 5/5
  2427 | D:3      | Reached XP level 6. HP: 49/52 MP: 6/6
  2578 | D:4      | Reached skill level 1 in Stealth
  2767 | D:4      | Found an opulent altar of Gozag.
  2814 | D:4      | Found a shimmering altar of Xom.
  2833 | D:4      | Found a snail-covered altar of Cheibriados.
  3095 | D:4      | Found a staircase to the Ecumenical Temple.
  3695 | D:5      | Entered Level 5 of the Dungeon
  3872 | D:5      | Reached ** piety under Wu Jian
  3872 | D:5      | Reached skill level 5 in Unarmed Combat
  3872 | D:5      | Your scales start taking on a rich purple colour.
  3872 | D:5      | Reached XP level 7. HP: 34/59 MP: 7/7
  4354 | D:5      | Found a bloodstained altar of Trog.
  4411 | D:5      | Reached skill level 5 in Shields
  5053 | D:6      | Reached skill level 6 in Unarmed Combat
  5227 | D:6      | Noticed a yak
  5260 | D:6      | Killed a yak
  5260 | D:6      | Reached XP level 8. HP: 45/66 MP: 8/8
  5488 | D:6      | Found Reteri's Antique Weapon Shoppe.
  5612 | D:6      | Found a hide-covered altar of Uskayaw.
  6026 | D:7      | Found a bloodstained altar of Trog.
  6048 | D:7      | Reached skill level 7 in Unarmed Combat
  6111 | D:7      | Slain by a black bear

Levels and vault maps discovered:
D:1:      dpeg_arrival_tiny_d, layout_loops_ring, minmay_hexomino_r4
D:2:      layout_loops_ring, gammafunk_temple_overflow_elements,
          chequers_ecumenical_altar_simple
D:3:      layout_rooms, first_ration, serial_glass, glass_columns_b,
          glass_columns_b, chequers_serial_rivers_marsh, uniq_sigmund
D:4:      layout_basic, nicolae_gozag_seed_capital, grunt_temple_overflow_open,
          minmay_temple_entry_metal_lava, serial_bayou_ford_a
D:5:      layout_loops_ring, kennysheep_mini_moat
D:6:      minmay_chambers_of_fours, layout_gridville, kennysheep_mini,
          serial_shops, nicolae_shop_statue_plus
D:7:      cheibrodos_fertilizer, layout_loops_ring, enter_ossuary_4,
          trog_three_pillars_becter

Skill      XL: |  1  2  3  4  5  6  7  8 |
---------------+-------------------------+-----
Dodging        | 3 4 |  4.9
Shields        | 4 5 6 |  6.0
Unarmed Combat | 4 5 6 7 |  7.0
Stealth        | 1 2 |  2.3
Fighting       | 4 |  4.3

Action                   |  1- 3 |  4- 6 |  7- 9 || total
-------------------------+-------+-------+-------++-------
Melee: Unarmed           |   190 |   179 |   237 ||   606
       Tailslap          |    23 |    18 |    22 ||    63
Invok: Lunge             |    17 |     6 |    10 ||    33
       Whirlwind         |       |    58 |    25 ||    83
 Abil: Breathe Dispellin |       |       |     6 ||     6
  Use: Scroll            |     1 |     9 |     3 ||    13
       Potion            |       |     5 |     1 ||     6
 Stab: Sleeping          |     1 |     1 |     3 ||     5
  Eat: Chunk             |     3 |     5 |     8 ||    16
Armor: Skin              |    48 |    34 |    37 ||   119
Dodge: Dodged            |    69 |    77 |    44 ||   190
Block: Shield            |    72 |    61 |       ||   133
       Large shield      |       |    22 |   160 ||   182

Table legend:
 A = Non-vault XP
 B = Vault XP
 C = Vault XP percentage of total XP
 D = Non-vault monster count
 E = Vault monster count
 F = Vault count percentage of total count
                 A         B        C        D         E       F
            +---------+---------+-------+---------+---------+-------
      Total |    1451 |     543 |  27.2 |     105 |       9 |   7.9
            +---------+---------+-------+---------+---------+-------
        D:1 |      35 |       7 |  16.7 |      20 |       4 |  16.7
        D:2 |      41 |       0 |   0.0 |      12 |       0 |   0.0
        D:3 |      59 |     242 |  80.4 |      30 |       1 |   3.2
        D:4 |     255 |       0 |   0.0 |       9 |       0 |   0.0
        D:5 |     519 |       0 |   0.0 |      22 |       0 |   0.0
        D:6 |     206 |     294 |  58.8 |       8 |       4 |  33.3
        D:7 |     336 |       0 |   0.0 |       4 |       0 |   0.0
            +---------+---------+-------+---------+---------+-------
